 Dungeon Crawl Stone Soup version 0.28-a0-175-gb2089b6bb7 (webtiles) character file.

Game seed: 7077965955854609332

7 Arne the Magician (level 1, -1/10 HPs)
             Began as a Deep Elf Hedge Wizard on Aug 17, 2021.
             Slain by a hobgoblin (2 damage)
             ... on level 1 of the Dungeon.
             The game lasted 00:02:49 (234 turns).

Arne the Magician (Deep Elf Hedge Wizard)            Turns: 234, Time: 00:02:50

Health: -1/10      AC:  2    Str:  7    XL:     1   Next: 91%
Magic:  7/7        EV: 12    Int: 18    God:
Gold:   10         SH:  0    Dex: 14    Spells: 7/8 levels left

rFire   + . .      SeeInvis .   d - staff of fire
rCold   . . .      Faith    .   (no shield)
rNeg    . . .      Spirit   .   b - +0 robe
rPois   .          Reflect  .   c - +0 hat
rElec   .          Harm     .   (no cloak)
rCorr   .          Rampage  .   (no gloves)
Will    .....                   (no boots)
Stlth   ++........              (no amulet)
HPRegen 0.03/turn               (no ring)
MPRegen 0.10/turn               (no ring)

@: no status effects
A: no striking features
a: no special abilities


You were on level 1 of the Dungeon.
You visited 1 branch of the dungeon, and saw 1 of its levels.

You collected 10 gold pieces.

Inventory:

Hand Weapons
 a - a +0 dagger
Armour
 b - a +0 robe (worn)
 c - a +0 hat (worn)
Magical Staves
 d - a staff of fire (weapon)
Scrolls
 e - a scroll of enchant weapon {unknown}


   Skills:
 + Level 2.5 Dodging
 + Level 2.4 Stealth
 - Level 4.4 Spellcasting
 * Level 1.4 Conjurations
 * Level 1.3 Summonings
 * Level 1.2 Translocations
 * Level 0.5 Fire Magic
 * Level 0.2 Evocations


You had 7 spell levels left.
You knew the following spells:

 Your Spells              Type           Power      Damage    Failure   Level
a - Magic Dart            Conj           36%        1d4       8%          1

Your spell library contained the following spells:

 Spells                   Type           Power      Damage    Failure   Level
 Call Imp                 Summ           8%         N/A       12%         2
 Blink                    Tloc           N/A        N/A       13%         2
 Animate Skeleton         Necr           6%         N/A       14%         1
 Pain                     Necr           12%        1d4       14%         1
 Slow                     Hex            3%         N/A       22%         2
 Conjure Flame            Conj/Fire      11%        6-21      28%         3
 Mephitic Cloud           Conj/Pois/Air  5%         N/A       34%         3
 Vampiric Draining        Necr           1%         2d6       38%         3


Dungeon Overview and Level Annotations

Branches:
Dungeon (1/15)

Altars:


Message History

The bat hits you but does no damage.
Your magical contamination has completely faded away.
You hit the bat.
The bat is severely wounded.
The bat hits you.
Casting: Magic Dart (safe; 9% risk of failure)
Confirm with . or Enter, or press ? or * to list all spells.
Aiming: Magic Dart (safe; 9% risk of failure)
Press: ? - help, Shift-Dir - straight line, f - bat
Aim: a bat (severely wounded, 100% to hit)
The magic dart hits the bat.
You kill the bat!
Found a ring mail.
A goblin and a kobold come into view.
You open the door.
There is an open door here.
You open the door.
There is an open door here.
You hit the plant but do no damage.
There is an open door here.
There is an open door here.
A hobgoblin comes into view.
The hobgoblin shouts!
Found 25 stones.
Found an escape hatch in the floor.
The hobgoblin closely misses you.
You hit the hobgoblin.
The hobgoblin is moderately wounded.
The hobgoblin hits you.
Ouch! That really hurt!
You hit the hobgoblin.
The hobgoblin is heavily wounded.
The hobgoblin barely misses you.
You completely miss the hobgoblin.
The hobgoblin is heavily wounded.
The hobgoblin hits you.
* * * LOW HITPOINT WARNING * * *
You hit the hobgoblin but do no damage.
The hobgoblin is heavily wounded.
The hobgoblin hits you.
You die...

....# ....###########
.............>#
#....##.#######
#....##.#
#....##.#############
##'####.............#
#.# #############.#
#.# .>..(.g@.#.# ##.#
########.#.# .#.#
#.#.# .#.# #.#.# .#.#
.# #.#.# .#'#####+#.#
#.#.# #.P≈.......#
#.#.# #.♣≈≈≈.....#
#.#.# #P≈≈≈≈.....#
#.#.#


You could see a hobgoblin.

Vanquished Creatures
  A bat (D:1)
  An endoplasm (D:1)
  A goblin (D:1)
  A hobgoblin (D:1)
  2 ball pythons (D:1)
  A rat (D:1)
7 creatures vanquished.

Notes
Turn   | Place    | Note
-------+----------+-------------------------------------------
     0 | D:1      | Arne the Deep Elf Hedge Wizard began the quest for the Orb.
     0 | D:1      | Reached XP level 1. HP: 10/10 MP: 7/7
   234 | D:1      | Slain by a hobgoblin

Illustrated notes

Levels and vault maps discovered:
D:1:      dpeg_arrival_rhombus, layout_basic, serial_bayou_pond_d,
          serial_park_tiny_pond

Action                   || total
-------------------------++-------
Melee: Staff             ||    12
 Cast: Magic Dart        ||    15
Armor: Robe              ||     4
Dodge: Dodged            ||     9

Table legend: (Time is in decaauts)
 A = Elapsed time spent in this place.
 B = Non-inter-level travel time spent in this place.
 C = Inter-level travel time spent in this place.
 D = Time resting spent in this place.
 E = Time spent auto-exploring this place.
 F = Levels seen in this place.
 G = Mean time per level.
                   A        B        C        D        E       F      G
               +--------+--------+--------+--------+--------+-----+--------+
         Total |    235 |    235 |      0 |      0 |      0 |   1 |  235.0 |
       Dungeon |    235 |    235 |      0 |      0 |      0 |   1 |  235.0 |
               +--------+--------+--------+--------+--------+-----+--------+

Top non-repeatable levels by time:
     D:1: 235 daAuts
